Map: Abyssal Reef LE

Players

Erfeyah

  • Race: Terran Terran
  • Spawn Location: 11:00

A.I. 1 (Medium) - Winner!

  • Race: Terran Terran
  • Spawn Location: 5:00

VOD

Have the link to the VOD?

Description

Time

  • Played on: Nov. 28, 2017, 4:34 p.m.
  • Length: 7:05
Show
View Real Time Build Order
Export as new Build Order

Erfeyah Terran 

Build Orders:  

Get SALT Encoding   

  12  0:02  SCV  
  13  0:14  SCV  
  14  0:28  SCV, Supply Depot  
  15  0:49  SCV  
  16  0:59  Barracks  
  16  1:01  SCV  
  17  1:09  Supply Depot  
  17  1:13  SCV, Supply Depot  
  18  1:25  SCV  
  18  1:29  Refinery  
  19  1:56  SCV  
  20  2:06  Supply Depot  
  20  2:08  SCV  
  21  2:27  SCV  
  22  2:35  Barracks  
  22  2:39  SCV  
  23  2:47  Factory  
  23  2:55  Supply Depot  
  23  3:07  Barracks Tech Lab  
  23  3:22  Marine  
  23  3:25  SCV  
  25  3:37  SCV  
  25  3:40  Marine  
  27  3:45  Command Center  
  27  3:49  SCV  
  27  3:53  Marine  
  29  4:06  Barracks Tech Lab  
  29  4:08  SCV  
  30  4:10  Marine  
  31  4:22  Orbital Command  
  31  4:23  Supply Depot  
  31  4:41  Marine x2  
  33  4:49  SCV  
  34  4:59  Marine x2, Orbital Command  
  36  5:01  SCV  
  37  5:13  SCV  
  38  5:17  Marine x2  
  40  5:25  Supply Depot  
  40  5:26  SCV  
  40  5:27  SCV  
  42  5:38  SCV  
  42  5:39  SCV  
  44  5:43  Marine x2  
  39  6:01  Marine x2  
  36  6:19  Marauder x2  
  39  6:33  SCV  
  36  6:41  Marauder x2  
  36  6:45  SCV  
Show
View Real Time Build Order
Export as new Build Order

A.I. 1 (Medium) Terran - Winner!

Build Orders:  

Get SALT Encoding   

  12  0:00  SCV  
  13  0:13  SCV  
  14  0:18  Supply Depot  
  14  0:25  SCV  
  15  0:40  SCV  
  15  0:42  Barracks  
  16  0:51  Refinery  
  16  0:52  SCV  
  17  1:04  SCV  
  18  1:17  Supply Depot  
  18  1:28  Marine  
  18  1:31  Orbital Command  
  19  1:34  Barracks  
  19  1:44  Refinery  
  19  1:47  Barracks Tech Lab  
  19  2:05  Factory  
  19  2:06  Marine  
  20  2:23  Marine  
  20  2:26  Marine  
  20  2:29  Supply Depot  
  22  2:41  Marine  
  23  2:44  Marine  
  23  2:50  SCV  
  25  2:54  Hellion  
  27  3:02  SCV, Marine  
  27  3:03  Engineering Bay  
  29  3:10  Supply Depot  
  29  3:14  SCV  
  29  3:15  Hellion  
  32  3:26  SCV  
  33  3:36  Hellion  
  33  3:39  SCV  
  36  3:51  SCV  
  37  5:14  Barracks Tech Lab  
  37  5:15  SCV, Marauder  
  37  5:17  Factory, Factory Tech Lab  
  37  5:20  Supply Depot  
  40  5:22  Missile Turret  
  40  5:23  Missile Turret  
  40  5:27  SCV  
  41  5:29  Barracks  
  41  5:34  Sensor Tower  
  41  5:36  Marauder  
  43  5:44  Siege Tank  
  46  5:50  Starport  
  46  5:51  Supply Depot  
  46  5:52  Bunker  
  45  6:00  Factory Tech Lab  
  45  6:09  Marine, Command Center  
  45  6:11  Armory  
  43  6:18  Barracks Reactor  
  43  6:23  Cyclone  
  46  6:27  Starport Tech Lab  
Tags
 
Matchup
TvT
Race
Terran
Spawn Locations
Cross Positions
Add a new tag
Caveats
  • Supply blocks, unpowered buildings, or Contaminate may cause inaccurate times.
  • Supply counts are checked every 10 seconds.